cohdb
Replays
Latest Replays
All Replays
Popular Replays
Top Player Replays
Match Explorer
How It Works
Community
CoH3 Stats
Reddit
Sign in to upload your games and track your stats! →
Sign in with Steam
Match 43697605
Unlisted
Match 43697605
Overview
Messages
Build Orders
End
Pioneer Squad
Construct Infanterie Kompanie
Grenadier Squad
MG 42 Machine Gun Team
Grenadier Squad
Construct Panzergrenadier Kompanie
Medical Station
Panzergrenadier Squad
Pak 40 Anti-tank Gun Team
Panzergrenadier Squad
Construct Panzer Kompanie
Panzer IV Medium Tank
Selects Mechanized Battlegroup
Selects Spotting Scopes
Selects Wespe Self-propelled Artillery
Selects Zeroing Artillery Barrage
Zeroing Artillery Barrage
Panzer IV Medium Tank
Side Skirts
goa_molina
SlayerY
0
0
Comments
sign in to comment!
No comments posted yet!